 Dungeon Crawl Stone Soup version 0.29.1-2-gbd0b4ee654 (webtiles) character file.

Game seed: 18224172730451923041

536 Firos the Changer (level 7, -7/44 HPs)
             Began as an Octopode Transmuter on Nov 8, 2022.
             Was an Initiate of Cheibriados.
             Mangled by Edmund
             ... wielding a +2 vorpal dire flail
              (11 damage)
             ... on level 4 of the Dungeon.
             The game lasted 00:12:38 (6001 turns).

Firos the Changer (Octopode Transmuter)             Turns: 6001, Time: 00:12:39

Health: -7/44      AC:  2    Str:  9 (10) XL:     7   Next: 25%
Magic:  11/13      EV: 19    Int: 16 (18) God:    Cheibriados [......]
Gold:   446        SH:  5    Dex: 17 (19) Spells: 5/14 levels left

rFire   . . .      SeeInvis .     - Unarmed
rCold   . . .      Faith    .   (shield currently unavailable)
rNeg    . . .      Spirit   .   (helmet currently unavailable)
rPois   x          Reflect  +   g - amulet of reflection
rElec   .          Harm     .   (no ring)
rCorr   .          Rampage  .   (no ring)
Will    .....                   (no ring)
Stlth   ++........              (no ring)
HPRegen 0.14/turn               (no ring)
MPRegen 0.13/turn               (no ring)
                                (no ring)
                                (no ring)

@: about to teleport, spider-form (expiring), very slow
A: venomous fangs, almost no armour, (amphibious), 8 rings, tiny, (camouflage
1), (gelatinous body 1), (nimble swimmer 1), (tentacles)
a: End Transformation, Renounce Religion


You were on level 4 of the Dungeon.
You worshipped Cheibriados.
Cheibriados was noncommittal.
You were a venomous arachnid creature.
You visited 1 branch of the dungeon, and saw 4 of its levels.
You also visited: Sewer and Ossuary.

You collected 446 gold pieces.

Inventory:

Jewellery
 g - an amulet of reflection (around neck)
Scrolls
 c - 2 scrolls of vulnerability
 d - 2 scrolls of blinking
 l - 4 scrolls of teleportation
 q - 2 scrolls of amnesia
 s - a scroll of enchant weapon
 t - 2 scrolls of fear
Potions
 a - 2 potions of lignification
 b - a potion of might
 e - a potion of degeneration
 f - 2 potions of haste
 h - 4 potions of curing
 i - a potion of flight {unknown}
 j - 2 potions of heal wounds
 k - 5 potions of brilliance
 n - 2 potions of invisibility {unknown}
 o - a potion of attraction {unknown}
 r - 2 potions of cancellation


   Skills:
 - Level 1.7 Fighting
 - Level 2.4 Dodging
 - Level 3.3 Unarmed Combat
 + Level 4.1 Spellcasting
 * Level 5.9 Transmutations


You had 5 spell levels left.
You knew the following spells:

 Your Spells              Type           Power      Damage    Failure   Level
a - Ice Form              Ice/Tmut       12%        N/A       65%         4
b - Wereblood             Tmut           22%        N/A       9%          2
c - Spider Form           Tmut/Pois      12%        N/A       32%         3

Your spell library contained the following spells:

 Spells                   Type           Power      Damage    Failure   Level
 Beastly Appendage        Tmut           44%        N/A       6%          1


Dungeon Overview and Level Annotations

Branches:
Dungeon (4/15)              Sewer (visited)         Ossuary (visited)
 Temple: D:4-7

Altars:
Cheibriados
Nemelex Xobeh
Ru
Uskayaw
The Shining One

Shops:
D:1 :

Annotations:
D:4 Edmund


Innate Abilities, Weirdness & Mutations

You are a venomous arachnid creature.
You have poisonous fangs.
You are tiny and dextrous.
Your spellcasting is less reliable in this form.
Your armour is entirely melded.
You are incapable of wielding weapons or throwing items.
You cannot wear most types of armour.
((You are amphibious.))
You can wear up to eight rings at the same time.
((Your skin changes colour to match your surroundings (Stealth+).))
((Your rubbery body absorbs attacks. (AC +1, EV +1)))
((You are camouflaged when in or above water. (Stealth+)))
((You have tentacles for arms and can constrict up to eight enemies at once.))


Message History

Found a stone staircase leading down.
As you read the scroll labelled EMMEWI BESUINN, it crumbles to dust.
You assume a fearsome visage.
Nothing appears to happen.
It was a scroll of fear.
As you read the scroll labelled DIVVYS KUAPH, it crumbles to dust.
Your body is wracked with pain!
It was a scroll of torment.
As you read the scroll labelled IMOURH NOMETE, it crumbles to dust.
It is a scroll of enchant armour.
You aren't carrying any armour which can be enchanted further.
You start resting.
HP restored.
There is a stone staircase leading down here.
Found a stone staircase leading down.
You now have 446 gold pieces (gained 20).
Edmund the Younger comes into view.
He is wielding a +2 vorpal dire flail.
Casting: Ice Form (extremely dangerous; 43% risk of failure)
Confirm with . or Enter, or press ? or * to list all spells.
You turn into a venomous arachnid creature.
Edmund shouts!
Edmund hits you with a +2 vorpal dire flail!
Edmund drinks a potion.
Edmund goes berserk!
You barely miss Edmund.
Edmund hits you with a +2 vorpal dire flail!
You hit Edmund.
Edmund is poisoned.
Edmund is lightly wounded.
Edmund closely misses you. Edmund barely misses you.
You barely miss Edmund.
Edmund is lightly wounded.
Edmund hits you with a +2 vorpal dire flail!
* * * LOW HITPOINT WARNING * * *
x2
Okay, then.
Blink to where?
Press: ? - help, Dir - move target
As you read the scroll of blinking, it crumbles to dust.
Your transformation is almost over.
As you read the scroll of teleportation, it crumbles to dust.
You feel strangely unstable. Edmund attacks as you move away!
Edmund misses you.
Edmund hits you with a +2 vorpal dire flail!
You die...

##..#####..#.#
#...#####..#.#
#...#b~~#..#.#
#...#####..#.###
#...#####..#...#
...#.#..##.#.#.#
##...#..##.###.###
#.###..# #.....#
#.###..# #.#.#s#
##......# .....#@#
######.###.#...#.#####
.......#.......#.....#
#####......#########ยง#
#......... #.# ###
#......### ..#
..###..(.### ##.#
#..###...# #.#


You could see Edmund (berserk, very poisoned).

Vanquished Creatures
  2 elf skeletons (D:4)
  A human zombie (D:4)
  Crazy Yiuf (D:3)
  A hound (D:4)
  8 mummies (Ossuary)
  A gnoll (D:1)
  4 river rats
  7 adders
  2 worms
  2 dart slugs
  5 orcs (D:3)
  9 endoplasms
  4 giant cockroaches
  2 gnoll zombies (Ossuary)
  8 goblins
  7 hobgoblins
  3 jackals (D:1)
  A quokka (D:3)
  12 ball pythons
  9 bats
  6 frilled lizards
  2 hobgoblin zombies (Ossuary)
  14 kobolds
  3 kobold zombies (Ossuary)
  2 orc skeletons (D:4)
  2 orc zombies
  10 rats
128 creatures vanquished.

Vanquished Creatures (others)
  A fungus (D:4)
1 creature vanquished.

Grand Total: 129 creatures vanquished

Notes
Turn   | Place    | Note
-------+----------+-------------------------------------------
     0 | D:1      | Firos the Octopode Transmuter began the quest for the Orb.
     0 | D:1      | Reached XP level 1. HP: 13/13 MP: 3/3
   331 | D:1      | Reached XP level 2. HP: 18/18 MP: 5/5
   334 | D:1      | Learned a level 2 spell: Wereblood
   496 | D:1      | Found a faded altar of an unknown god.
   577 | D:1      | Reached XP level 3. HP: 15/23 MP: 4/6
   591 | D:1      | Learned a level 3 spell: Spider Form
   688 | D:1      | Found Kief's Vocational Training.
  1062 | D:2      | Reached XP level 4. HP: 21/29 MP: 7/7
  1213 | D:2      | Identified the +8 falchion of Giskuwit {vorpal, Dex+5
                  | Stlth-}
  1500 | D:2      | Reached skill level 3 in Transmutations
  2497 | D:3      | Identified the +3 ring mail "Mustre Fidep" {rElec Will+}
  2566 | D:3      | Found a glowing golden altar of the Shining One.
  2647 | D:3      | Found a glowing drain.
  2731 | Sewer    | Entered a sewer
  2773 | Sewer    | Reached XP level 5. HP: 34/34 MP: 5/9
  3329 | Sewer    | Reached skill level 4 in Transmutations
  3825 | D:3      | Found a runed translucent door.
  3826 | D:3      | Noticed Crazy Yiuf
  4021 | D:3      | Learned a level 4 spell: Ice Form
  4517 | D:3      | Killed Crazy Yiuf
  4518 | D:3      | Reached XP level 6. HP: 15/39 MP: 6/11
  4851 | D:4      | Reached skill level 5 in Transmutations
  4922 | D:4      | Found a sand-covered staircase.
  4950 | Ossuary  | Entered an ossuary
  5002 | Ossuary  | Reached XP level 7. HP: 33/44 MP: 9/12
  5639 | D:4      | Found a sparkling altar of Nemelex Xobeh.
  5639 | D:4      | Found a faded altar of an unknown god.
  5647 | D:4      | Found a hide-covered altar of Uskayaw.
  5649 | D:4      | Found a sacrificial altar of Ru.
  5651 | D:4      | Found a snail-covered altar of Cheibriados.
  5656 | D:4      | Became a worshipper of Cheibriados the Contemplative
  5990 | D:4      | Noticed Edmund
  6001 | D:4      | Mangled by Edmund

Illustrated notes

Levels and vault maps discovered:
D:1:      evilmike_arrival_plus, layout_basic,
          ebering_ecumenical_altar_sacrificial, nicolae_shop_vocational
D:2:      layout_basic
D:3:      layout_loops_corners, nicolae_tso_carved_into_rock,
          portal_sewer_entry_a, supply_closet_lemuel, minmay_increasing_density,
          uniq_crazy_yiuf_cottage
D:4:      layout_basic, mainiacjoe_overflow_small_starburst,
          chequers_temple_overflow_minitemple, nicolae_ossuary_entry_catacombs,
          serial_aquarium, aquarium_bridge_square [aquarium_subvault_bridge,
          aquarium_subvault_bridge, aquarium_subvault_balcony,
          aquarium_subvault_balcony], aquarium_window_fake, aquarium_window_2,
          aquarium_view_2c, aquarium_view_2f, aquarium_balcony_1b, uniq_edmund

Skill      XL: |  1  2  3  4  5  6  7 |
---------------+----------------------+-----
Transmutations | 3 4 5 |  5.9
Spellcasting   | 3 4 |  4.1
Fighting       | |  1.7
Dodging        | |  2.4
Unarmed Combat | |  3.3

Action                   |  1- 3 |  4- 6 |  7- 9 || total
-------------------------+-------+-------+-------++-------
Melee: Unarmed           |    79 |   221 |    46 ||   346
       Kick              |    15 |       |       ||    15
       Constrict         |    21 |    27 |     3 ||    51
       Tentacles         |     9 |    19 |     5 ||    33
       Punch             |       |       |     3 ||     3
 Cast: Beastly Appendage |     5 |       |       ||     5
       Spider Form       |     2 |     9 |     1 ||    12
       Ice Form          |       |     2 |     2 ||     4
  Use: Scroll            |     6 |     4 |     9 ||    19
       Potion            |       |     2 |     1 ||     3
 Stab: Sleeping          |     4 |    13 |     1 ||    18
       Distracted        |     1 |       |       ||     1
Armor: Skin              |     9 |    23 |     4 ||    36
Dodge: Dodged            |    60 |   121 |    23 ||   204
Block: Other             |     4 |    43 |     4 ||    51
